 Dungeon Crawl Stone Soup version 0.21-a0-426-g98080a9 (webtiles) character file.

2 mastercheaf21 the Stinger (level 1, 0/11 HPs)
             Began as an Octopode Venom Mage on Nov 7, 2017.
             Slain by a rat (1 damage)
             ... on level 1 of the Dungeon.
             The game lasted 00:02:27 (79 turns).

mastercheaf21 the Stinger (Octopode Venom Mage)       Turns: 79, Time: 00:02:28

Health: 0/11       AC:  1    Str:  7    XL:     1   Next: 40%
Magic:  3/3        EV: 13    Int: 17    God:
Gold:   17         SH:  0    Dex: 12    Spells: 3/4 levels left

rFire    . . .     SeeInvis .   (no weapon)
rCold    . . .     Gourm    .   (no shield)
rNeg     . . .     Faith    .   (helmet restricted)
rPois    .         Spirit   .   (no amulet)
rElec    .         Reflect  .   (no ring)
rCorr    .         Harm     .   (no ring)
MR       .....                  (no ring)
Stlth    +++.......             (no ring)
HPRegen  0.03/turn              (no ring)
MPRegen  0.08/turn              (no ring)
                                (no ring)
                                (no ring)

@: no status effects
A: almost no armour, stealthy swim, amphibious, 8 rings, constrict 8, camouflage
1, gelatinous body 1
a: no special abilities


You were on level 1 of the Dungeon.
You were not hungry.

You visited 1 branch of the dungeon, and saw 1 of its levels.

You collected 17 gold pieces.

Inventory:

Scrolls
 c - a scroll of teleportation {unknown}
Books
 a - a Young Poisoner's Handbook

   Spells                             Type                      Level
   a - Sting                          Conjuration/Poison           1
   b - Poisonous Vapours              Poison/Air                   2
   c - Mephitic Cloud                 Conjuration/Poison/Air       3
   d - Olgreb's Toxic Radiance        Poison                       4
   e - Venom Bolt                     Conjuration/Poison           5
Comestibles
 b - a bread ration


   Skills:
 + Level 2.0 Dodging
 + Level 2.8 Stealth
 + Level 2.1 Spellcasting
 + Level 1.0 Conjurations
 + Level 3.7 Poison Magic


You had 3 spell levels left.
You knew the following spells:

 Your Spells              Type           Power        Failure   Level  Hunger
a - Sting                 Conj/Pois      #...         8%          1    #......


Dungeon Overview and Level Annotations

Branches:
Dungeon (1/15)

Altars:


Innate Abilities, Weirdness & Mutations

You cannot wear most types of armour.
You are very stealthy in the water. (Stealth+)
You are amphibious.
You can wear up to eight rings at the same time.
You can use your tentacles to constrict eight enemies at once.
Your skin changes colour to match your surroundings (Stealth+).
Your rubbery body absorbs attacks. (AC +1, EV +1)


Message History

* * * LOW HITPOINT WARNING * * *
You tentacle-slap the bat.
You kill the bat!
The rat closely misses you.
Casting: Sting
Confirm with . or Enter, or press ? or * to list all spells.
You don't know that spell.
The rat closely misses you.
You tentacle-slap the rat. Your grab misses the rat.
The rat is severely wounded.
The rat bites you but does no damage. The rat barely misses you.
You tentacle-slap the rat.
You kill the rat!
The rat bites you.
* * * LOW HITPOINT WARNING * * *
The rat bites you.
* * * LOW HITPOINT WARNING * * *
You see here a rat corpse.
You barely miss the rat. Your grab misses the rat. The rat bites you.
You die...

>........ #
#........ ..
+........
...#####........
...[.........#
....#......#.#
.......=.....#
.....#.†..#..#
........@r...#
......#..#...# #
.##...w..[..## .#
.......##...###.###
............#......
......#..#....#.####
###..........+#....#
#..#....#....#
#............#


You could see a dart slug and a rat.

Vanquished Creatures
  A bat (D:1)
  2 rats (D:1)
3 creatures vanquished.

Vanquished Creatures (others)
  2 minotaurs (D:1)
  2 draconians (D:1)
  A gargoyle (D:1)
  A troll (D:1)
  A formicid (D:1)
  A spriggan (D:1)
  A vampire (D:1)
  A human (D:1)
  A naga (D:1)
  A dwarf (D:1)
  An ogre (D:1)
  An orc (D:1)
  A kobold (D:1)
  5 tentacles (D:1)
20 creatures vanquished.

Grand Total: 23 creatures vanquished

Notes
Turn   | Place    | Note
-------+----------+-------------------------------------------
     0 | D:1      | mastercheaf21 the Octopode Venom Mage began the quest for the Orb.
     0 | D:1      | Reached XP level 1. HP: 11/11 MP: 3/3
     3 | D:1      | Killed a draconian
     4 | D:1      | Noticed a formicid
     4 | D:1      | Noticed an ogre
     4 | D:1      | Noticed a naga
     4 | D:1      | Noticed a troll
     4 | D:1      | Noticed a spriggan
     4 | D:1      | Noticed a dwarf
     4 | D:1      | Noticed a kraken
     4 | D:1      | Noticed a minotaur
     4 | D:1      | Noticed a gargoyle
     4 | D:1      | Noticed a human
     4 | D:1      | Noticed a vampire
     4 | D:1      | Noticed a minotaur
     4 | D:1      | Noticed a draconian
     5 | D:1      | Killed a naga
     6 | D:1      | Killed an ogre
     7 | D:1      | Killed a gargoyle
     7 | D:1      | Killed a troll
     9 | D:1      | Killed a spriggan
     9 | D:1      | Killed a formicid
    11 | D:1      | Killed a minotaur
    12 | D:1      | Killed a dwarf
    13 | D:1      | Killed a vampire
    13 | D:1      | Killed a human
    17 | D:1      | Killed a minotaur
    18 | D:1      | Killed a draconian
    79 | D:1      | Slain by a rat

Vault maps used:
D:1:      nicolae_arrival_kraken_aquarium_b, minmay_misc_feat_more_columns

Action                   || total
-------------------------++-------
Melee: Unarmed           ||    10
       Constrict         ||     2
Armor: Skin              ||     4
Dodge: Dodged            ||    19

Table legend:
 A = Spawn XP
 B = Non-spawn XP
 C = Spawn XP percentage of total XP
 D = Spawn monster count
 E = Non-spawn monster count
 F = Spawn count percentage of total count
 G = Total turns spent on level
                    A         B        C        D         E        F      G
               +---------+---------+-------+---------+---------+-------+---------
         Total |       0 |       4 |   0.0 |       0 |       3 |   0.0 |    79
               +---------+---------+-------+---------+---------+-------+---------
           D:1 |       0 |       4 |   0.0 |       0 |       3 |   0.0 |    79
               +---------+---------+-------+---------+---------+-------+---------
